 Dungeon Crawl Stone Soup version 0.18-a0-626-geb0fed7 (webtiles) character file.

9598 Proton the Blocker (level 11, -1/91 HPs)
             Began as a Formicid Fighter on Dec 4, 2015.
             Was a Priest of Ru.
             Slain by a yak (10 damage)
             ... on level 10 of the Dungeon.
             The game lasted 00:19:43 (9765 turns).

Proton the Blocker (Formicid Fighter)               Turns: 9765, Time: 00:19:43

Health: -1/91      AC:  9    Str: 27    XL:     11   Next: 77%
Magic:  11/11      EV: 13    Int:  8    God:    Ru [***...]
Gold:   513        SH: 12    Dex: 10    Spells: 0 memorised, 10 levels left

rFire  . . .     SeeInvis +     y - +3 battleaxe
rCold  . . .     Clarity  .     G - +1 ring mail of Paraiwku {rN+ Str+3 Slay+3 Stlth+}
rNeg   + . .     SustAt   .     c - +0 shield
rPois  +         Gourm    .     (helmet unavailable)
rElec  .         Spirit   .     t - +0 cloak
rCorr  +         Dismiss  .     (no gloves)
rMut   .         Stasis   +     (no boots)
MR     +....                    u - amulet of resist corrosion
Stlth  +.........               x - +1 ring of slaying
                                m - ring of poison resistance

@: somewhat resistant to hostile enchantments, very unstealthy
A: permanent stasis, dig shafts and tunnels, four strong arms, antennae 3,
inability to use devices
a: Dig, Shaft Self, Draw Out Power, Renounce Religion


You were on level 10 of the Dungeon.
You worshipped Ru.
Ru was most pleased with you.
You were hungry.

You visited 1 branch of the dungeon, and saw 10 of its levels.

You collected 513 gold pieces.

Inventory:

Hand Weapons
 y - a +3 battleaxe (weapon)
Armour
 c - a +0 shield (worn)
 t - a +0 cloak (worn)
 G - the +1 ring mail of Paraiwku (worn) {rN+ Str+3 Slay+3 Stlth+}
   (You found it on level 4 of the Dungeon)

   It affects your strength (+3).
   It affects your accuracy and damage with ranged weapons and melee attacks
   (+3).
   It protects you from negative energy.
   It makes you more stealthy.
Jewellery
 m - a ring of poison resistance (left hand)
 o - an uncursed ring of ice
 u - an amulet of resist corrosion (around neck)
 x - a +1 ring of slaying (right hand)
Scrolls
 e - a scroll of recharging {unknown}
 f - a scroll of remove curse
 i - 5 scrolls of fear {unknown}
 n - a scroll of random uselessness {unknown}
 q - 6 scrolls of enchant armour {unknown}
 s - 4 scrolls of amnesia {unknown}
 w - 5 scrolls of immolation
 B - 3 scrolls of fog {unknown}
Potions
 a - a potion of resistance {unknown}
 b - a potion of lignification {unknown}
 d - 2 potions of might
 g - 2 potions of flight {unknown}
 h - a potion of berserk rage {unknown}
 j - 4 potions of curing {unknown}
 l - a potion of invisibility {unknown}
 r - 3 potions of heal wounds
 v - a potion of ambrosia
 z - a potion of brilliance
 D - a potion of cancellation
Comestibles
 k - a bread ration
 p - 8 meat rations
 A - a royal jelly


   Skills:
 + Level 10.2 Fighting
 + Level 8.8 Axes
 + Level 10.1 Armour
 + Level 6.1 Dodging
 + Level 10.7 Shields


You had 10 spell levels left.
You didn't know any spells.

Dungeon Overview and Level Annotations

Branches:
Dungeon (10/15)            Temple (0/1) D:7            Lair (0/8) D:8
    Orc: D:9-12

Altars:
Gozag
Makhleb
Nemelex Xobeh
Pakellas
Ru
Trog
Yredelemnul
Zin
The Shining One

Shops:
D:6 *

Annotations:
D:4 ldierk's ghost, amateur TrMo
D:9 exclusion: ice statue


Innate Abilities, Weirdness & Mutations

You are under a permanent stasis effect.
You can dig through walls and to a lower floor.
Your four strong arms can wield two-handed weapons with a shield.
You have a pair of large antennae on your head (SInv).
You cannot study or use magical devices.


Message History

You slice the yak!!
You kill the yak!
You hit the yak but do no damage.
The yak is almost dead.
The yak gores you!
* * * LOW HITPOINT WARNING * * *
You slice the quokka skeleton!!
You destroy the quokka skeleton!
You hit the yak but do no damage.
The yak is severely wounded.
The yak gores you!
* * * LOW HITPOINT WARNING * * *
You focus your will and illuminate the yak in retribution!
You hit the yak but do no damage.
The yak is severely wounded.
You block the yak's attack. x2
You hit the yak.
The yak is almost dead.
The yak gores you!
You die...

########################
.......................
..............#....... .
#............#.......
...######............#.......
...>..†..............#.......
...........Y@................
+#######.........#######+####
#.........# #.........#
#.........# #.........#
#.........# { #.........# { {
#.........#


You could see a yak.

Vanquished Creatures
  The ghost of Yendor the Covert, a novice OpAs of Qazlal (D:5)
  A troll (D:10)
  Prince Ribbit (D:5)
  2 two-headed ogres
  Sigmund (D:3)
  A hippogriff (D:9)
  Grum (D:9)
  A wyvern (D:10)
  A steam dragon (D:9)
  3 hungry ghosts
  4 yaks (D:10)
  3 wolves (D:9)
  Edmund (D:5)
  An ice beast (D:8)
  A water moccasin (D:9)
  3 phantoms
  4 ogres
  A giant frog (D:10)
  Blork the orc (D:4)
  A gnoll sergeant (D:6)
  2 scorpions
  A wyvern skeleton (D:7)
  3 killer bees (D:7)
  12 wights (D:8)
  5 crimson imps
  2 centaur skeletons
  A hound (D:10)
  5 jellies
  Crazy Yiuf (D:4)
  5 iguanas
  7 orc priests
  7 orc wizards
  7 worker ants
  2 hound skeletons
  A worker ant zombie (D:3)
  9 gnolls
  9 adders
  4 shadow imps
  2 oozes
  2 adder skeletons
  4 adder zombies
  2 worms
  5 giant geckos
  38 orcs
  8 bats
  11 giant cockroaches
  13 hobgoblins
  9 kobolds
  3 quokkas
  13 giant newts
  10 goblins
  3 jackals (D:9)
  2 quokka skeletons
  9 rats
  A spectral orc (D:7)
  3 fungi (D:4)
254 creatures vanquished.

Vanquished Creatures (others)
  A giant frog (D:8)
  A quokka (D:6)
2 creatures vanquished.

Grand Total: 256 creatures vanquished

Notes
Turn   | Place    | Note
--------------------------------------------------------------
     0 | D:1      | Proton the Formicid Fighter began the quest for the Orb.
     0 | D:1      | Reached XP level 1. HP: 18/18 MP: 1/1
   126 | D:1      | Reached XP level 2. HP: 24/24 MP: 2/2
   283 | D:1      | You fall through a shaft!
   299 | D:2      | Reached XP level 3. HP: 20/29 MP: 3/3
   379 | D:1      | Reached skill level 1 in Dodging
   809 | D:2      | Reached XP level 4. HP: 24/37 MP: 4/4
   934 | D:2      | Reached skill level 4 in Shields
  1444 | D:3      | Reached XP level 5. HP: 42/42 MP: 5/5
  1722 | D:3      | Found a bloodstained altar of Trog.
  1782 | D:3      | Noticed Sigmund
  1798 | D:3      | Killed Sigmund
  1798 | D:3      | Reached XP level 6. HP: 43/49 MP: 6/6
  2052 | D:3      | Reached skill level 5 in Shields
  2083 | D:3      | Found a sacrificial altar of Ru.
  2084 | D:3      | Found a sparkling altar of Nemelex Xobeh.
  2088 | D:3      | Became a worshipper of Ru the Awakened
  2091 | D:3      | Found a glowing golden altar of the Shining One.
  2348 | D:4      | Got a heavily runed ring mail
  2367 | D:4      | Identified the +1 ring mail of Paraiwku {rN+ Str+3 Slay+3 Stlth+} (You found it on level 4 of the Dungeon)
  2404 | D:4      | Reached XP level 7. HP: 20/55 MP: 7/7
  2659 | D:4      | Noticed ldierk's ghost (amateur TrMo)
  2663 | D:5      | Entered Level 5 of the Dungeon
  2783 | D:5      | Noticed Edmund
  2798 | D:5      | Killed Edmund
  2798 | D:5      | Reached skill level 5 in Fighting
  2898 | D:5      | Reached skill level 5 in Armour
  2937 | D:5      | Noticed Yendor's ghost (novice OpAs)
  3273 | D:4      | Noticed Blork the orc
  3558 | D:4      | Killed Blork the orc
  3653 | D:4      | Reached XP level 8. HP: 62/62 MP: 8/8
  3825 | D:4      | Found an opulent altar of Gozag.
  4340 | D:5      | Gained mutation: You cannot study or use magical devices. [Ru sacrifice]
  4340 | D:5      | Reached * piety under Ru
  4340 | D:5      | Reached ** piety under Ru
  4340 | D:5      | Reached *** piety under Ru
  4402 | D:5      | Killed Yendor's ghost
  4402 | D:5      | Reached skill level 6 in Shields
  4775 | D:4      | Noticed Crazy Yiuf
  4779 | D:4      | Killed Crazy Yiuf
  5115 | D:5      | Noticed Prince Ribbit
  5152 | D:5      | Killed Prince Ribbit
  5330 | D:5      | Found a burning altar of Makhleb.
  5462 | D:6      | Found a glowing silver altar of Zin.
  5642 | D:6      | Reached XP level 9. HP: 59/69 MP: 9/9
  5889 | D:6      | Reached skill level 5 in Axes
  6167 | D:6      | Found Bugaw's General Store.
  6657 | D:7      | Reached skill level 7 in Shields
  6673 | D:7      | Found a basalt altar of Yredelemnul.
  6771 | D:7      | Found a staircase to the Ecumenical Temple.
  7351 | D:8      | Found an oddly glowing altar of Pakellas.
  7384 | D:8      | Reached skill level 5 in Dodging
  7460 | D:8      | Found a staircase to the Lair.
  7697 | D:8      | Reached XP level 10. HP: 32/79 MP: 10/10
  8025 | D:8      | Reached skill level 9 in Fighting
  8025 | D:8      | Reached skill level 10 in Shields
  8025 | D:8      | Reached XP level 11. HP: 73/90 MP: 11/11
  8585 | D:9      | Noticed Grum
  8594 | D:9      | Killed Grum
  9284 | D:10     | Entered Level 10 of the Dungeon
  9360 | D:10     | Reached skill level 10 in Fighting
  9588 | D:10     | Reached skill level 10 in Armour
  9765 | D:10     | Slain by a yak

Vault maps used:
D:1:      minmay_arrival_doors
D:2:      first_bread, minivault_23, st_stairs_10, dk_noncrumbling_3
D:3:      wad_crossroads, minitemple, trog_book, uniq_sigmund
D:4:      kennysheep_mini_moat, uniq_crazy_yiuf_cottage, uniq_blork_the_orc
D:5:      marbit_many_paths, uniq_edmund, uniq_prince_ribbit1
D:6:      lemuel_crystal_altar, serial_shops, shop
D:7:      yredelemnul_forgotten_temple_becter, temple_statues
D:8:      old_standard_altar, lair_0_dummy
D:9:      lemuel_ice_statue, uniq_grum
D:10:     orc_0_dummy, uniq_harold

Action                   |  1- 3 |  4- 6 |  7- 9 | 10-12 || total
-------------------------+-------+-------+-------+-------++-------
Melee: War axe           |    89 |   148 |    79 |       ||   316
       Battleaxe         |       |       |   253 |   179 ||   432
Invok: Sacrifice Artific |       |       |     1 |       ||     1
       Reject Sacrifices |       |       |     1 |       ||     1
 Abil: Dig               |       |       |     3 |       ||     3
  Use: Scroll            |       |       |     1 |     9 ||    10
       Potion            |       |       |       |     1 ||     1
 Stab: Distracted        |       |       |     2 |       ||     2
       Invisible         |       |       |     2 |       ||     2
       Sleeping          |       |       |     1 |       ||     1
  Eat: Royal jelly       |       |     1 |       |       ||     1
       Pizza             |       |     2 |     1 |     2 ||     5
       Bread ration      |       |       |     4 |     1 ||     5
       Beef jerky        |       |       |       |     2 ||     2
